 Dungeon Crawl Stone Soup version 0.27-a0-760-gc38aae387d (webtiles) character file.

Game seed: 3896267954398945700

155 Dittersdorf the Covered (level 5, 0/33 HPs)
             Began as a Gargoyle Fighter on Mar 24, 2021.
             Slain by Grinder (3 damage)
             ... on level 3 of the Dungeon.
             The game lasted 00:02:36 (2618 turns).

Dittersdorf the Covered (Gargoyle Fighter)          Turns: 2618, Time: 00:02:36

Health: 0/33       AC: 16    Str: 20    XL:     5   Next: 37%
Magic:  5/5        EV:  5    Int:  9    God:
Gold:   92         SH:  9    Dex:  9    Spells: 4/4 levels left

rFire    . . .     SeeInvis .   a - +0 flail
rCold    . . .     Faith    .   c - +0 kite shield
rNeg     + . .     Spirit   .   e - +0 chain mail
rPois    ∞         Reflect  .   f - +2 helmet
rElec    +         Harm     .   (no cloak)
rCorr    .         Rampage  .   (no gloves)
Will     .....                  (no boots)
Stlth    ..........             (no amulet)
HPRegen  0.11/turn              (no ring)
MPRegen  0.09/turn              (no ring)

@: no status effects
A: AC +4, negative energy resistance 1, electricity resistance, torment
resistance 1, unbreathing 1, petrification resistance
a: no special abilities


You were on level 3 of the Dungeon.
You visited 1 branch of the dungeon, and saw 3 of its levels.

You collected 92 gold pieces.

Inventory:

Hand Weapons
 a - a +0 flail (weapon)
Armour
 c - a +0 kite shield (worn)
 e - a +0 chain mail (worn)
 f - a +2 helmet (worn)
 m - a +0 plate armour
Jewellery
 n - a +6 ring of strength
Scrolls
 g - 3 scrolls of identify {unknown}
 h - 2 scrolls of amnesia {unknown}
 j - a scroll of holy word {unknown}
 k - a scroll of noise {unknown}
Potions
 b - a potion of attraction {unknown}
 d - a potion of might
 i - a potion of haste {unknown}
 l - a potion of curing {unknown}


   Skills:
 + Level 4.2 Fighting
 + Level 3.1 Maces & Flails
 + Level 4.3 Armour
 + Level 4.2 Shields


You had 4 spell levels left.
You didn't know any spells.
Your spell library was empty.

Dungeon Overview and Level Annotations

Branches:
Dungeon (3/15)

Altars:
Ru

Annotations:
D:3 Grinder


Innate Abilities, Weirdness & Mutations

Your stone body is resilient. (AC +4)
You are immune to poison.
You resist negative energy. (rN+)
You are resistant to electric shocks. (rElec)
You are resistant to unholy torment.
You can survive without breathing.
You are immune to petrification.


Message History

Grinder is moderately wounded.
Grinder says, "Make like a tree!"
Grinder blinks!
Grinder gestures at you. Pain shoots through your body!
You barely miss Grinder.
Grinder is moderately wounded.
Grinder hits you but does no damage.
You hit Grinder.
Grinder is heavily wounded.
You block Grinder's attack.
You hit Grinder.
Grinder is severely wounded.
Grinder says, "Mostly I couldn't keep them alive."
Grinder hits you but does no damage.
Grinder blinks!
You closely miss Grinder.
Grinder is heavily wounded.
Grinder blinks!
You closely miss Grinder.
Grinder is heavily wounded.
Grinder gestures at you. Pain shoots through your body!
Grinder gestures at you.
You suddenly lose the ability to move!
Grinder hits you but does no damage.
You can move again.
You hit Grinder but do no damage.
Grinder is heavily wounded.
Grinder gestures at you. Pain shoots through your body!
* * * LOW HITPOINT WARNING * * *
You sock Grinder!
Grinder is almost dead.
You block Grinder's attack. x2
You barely miss Grinder.
Grinder is almost dead.
Grinder hits you.
* * * LOW HITPOINT WARNING * * *
You writhe in agony.
You die...

..... ..... ### ##.....
#####.# ....... #.....#####
....... ####.###.)...#
##.......
.##...<###.....#####........
..........#...@...÷÷.........
#..######.)..5.(#####........
# ###.....# #........ #.....#
#........ #.....# ##.......
####### #...... ######


You could see Grinder.

Vanquished Creatures
  An ogre (D:2)
  An adder (D:2)
  A worm (D:2)
  4 ball pythons
  4 bats
  5 endoplasms
  2 giant cockroaches
  4 goblins
  3 hobgoblins
  10 jackals
  7 kobolds
  4 quokkas (D:1)
  3 frilled lizards
  4 rats
53 creatures vanquished.

Notes
Turn   | Place    | Note
-------+----------+-------------------------------------------
     0 | D:1      | Dittersdorf the Gargoyle Fighter began the quest for the
                  | Orb.
     0 | D:1      | Reached XP level 1. HP: 14/14 MP: 1/1
   532 | D:1      | Reached XP level 2. HP: 19/19 MP: 2/2
   942 | D:1      | Reached XP level 3. HP: 20/23 MP: 3/3
  1259 | D:2      | Noticed an ogre
  1267 | D:2      | Killed an ogre
  1268 | D:2      | Reached XP level 4. HP: 8/29 MP: 4/4
  1268 | D:2      | Reached XP level 5. HP: 10/33 MP: 5/5
  1943 | D:2      | Found a sacrificial altar of Ru.
  2347 | D:3      | Noticed Grinder
  2371 | D:3      | Paralysed by something for 5 turns
  2378 | D:3      | Paralysed by something for 4 turns
  2398 | D:3      | Paralysed by Grinder for 5 turns
  2410 | D:3      | Paralysed by Grinder for 2 turns
  2598 | D:3      | Paralysed by Grinder for 3 turns
  2614 | D:3      | Paralysed by Grinder for 2 turns
  2618 | D:3      | Slain by Grinder

Illustrated notes

Levels and vault maps discovered:
D:1:      dpeg_arrival_boxes_within_box, layout_loops_ring, serial_park_tiny_1,
          minmay_pentomino_x4
D:2:      layout_loops_corners, nicolae_ru_great_annihilating_truth
D:3:      layout_rooms, nicolae_overflow_hidden_temple, uniq_grinder

Skill      XL: |  1  2  3  4  5 |
---------------+----------------+-----
Fighting       | 4 |  4.2
Armour         | 4 |  4.3
Shields        | 4 |  4.2
Maces & Flails | 3 |  3.1

Action                   |  1- 3 |  4- 6 || total
-------------------------+-------+-------++-------
Melee: Flail             |   108 |   118 ||   226
       Unarmed           |       |    10 ||    10
 Stab: Paralysed         |       |     1 ||     1
Armor: Chain mail        |    92 |    84 ||   176
       Skin              |       |     4 ||     4
Dodge: Dodged            |    20 |    20 ||    40
Block: Kite shield       |    69 |    67 ||   136

Table legend: (Time is in decaauts)
 A = Elapsed time spent in this place.
 B = Non-inter-level travel time spent in this place.
 C = Inter-level travel time spent in this place.
 D = Time resting spent in this place.
 E = Time spent auto-exploring this place.
 F = Levels seen in this place.
 G = Mean time per level.
                   A        B        C        D        E       F      G
               +--------+--------+--------+--------+--------+-----+--------+
         Total |   2728 |   2624 |    104 |    544 |   1506 |   3 |  909.3 |
       Dungeon |   2728 |   2624 |    104 |    544 |   1506 |   3 |  909.3 |
               +--------+--------+--------+--------+--------+-----+--------+

Top non-repeatable levels by time:
     D:1: 1337 daAuts
     D:2: 1242 daAuts
     D:3: 149 daAuts
